 Dungeon Crawl Stone Soup version 0.19.0 (webtiles) character file.

314 Eucla the Chopper (level 6, -2/47 HPs)
             Began as a Human Berserker on Nov 19, 2016.
             Was a Priest of Trog.
             Slain by Grinder (5 damage)
             ... on level 3 of the Dungeon.
             The game lasted 00:04:51 (3559 turns).

Eucla the Chopper (Human Berserker)                 Turns: 3559, Time: 00:04:52

Health: -2/47      AC:  5    Str: 17    XL:     6   Next: 72%
Magic:  6/6        EV: 13    Int:  7    God:    Trog [***...]
Gold:   149        SH:  0    Dex: 17    Spells: 0 memorised, 5 levels left

rFire  . . .     SeeInvis .     a - +0 hand axe
rCold  . . .     Gourm    .     j - +0 ring mail
rNeg   . . .     Faith    .     (no shield)
rPois  .         Spirit   .     (no helmet)
rElec  .         Reflect  .     (no cloak)
rCorr  .         Harm     .     (no gloves)
MR     ++...                    (no boots)
Stlth  +.........               (no amulet)
                                u - +2 ring of evasion
                                h - +2 ring of dexterity

@: exhausted, regenerating, slowed, very slow
A: no striking features
a: Berserk, Trog's Hand, Burn Spellbooks, Renounce Religion


You were on level 3 of the Dungeon.
You worshipped Trog.
Trog was most pleased with you.
You were very hungry.

You visited 1 branch of the dungeon, and saw 3 of its levels.
You also visited: Sewer.

You collected 149 gold pieces.

Inventory:

Hand Weapons
 a - a +0 hand axe (weapon)
Armour
 j - a +0 ring mail (worn)
Jewellery
 h - a +2 ring of dexterity (left hand)
 u - a +2 ring of evasion (right hand)
Scrolls
 g - 6 scrolls of remove curse
 m - 5 scrolls of teleportation
Potions
 d - a potion of magic {unknown}
 e - a potion of haste {unknown}
 f - 5 potions of curing
 k - 2 potions of mutation {unknown}
 l - a potion of might {unknown}
 n - a potion of brilliance {unknown}
 p - 3 potions of flight
 q - a potion of degeneration {unknown}
 r - a potion of cure mutation {unknown}
 s - 2 potions of heal wounds
Comestibles
 c - 2 bread rations
 t - a meat ration


   Skills:
 - Level 3.0 Fighting
 + Level 7.0 Axes
 - Level 2.0 Armour
 - Level 2.0 Dodging


You had 5 spell levels left.
You didn't know any spells.

Dungeon Overview and Level Annotations

Branches:
Dungeon (3/15)

Altars:

Annotations:
D:3 Grinder


Message History

* * * LOW HITPOINT WARNING * * *
You hit Grinder but do no damage.
Grinder is severely wounded.
Grinder gestures at you. You resist with almost no effort. Grinder hits you.
* * * LOW HITPOINT WARNING * * *
You writhe in agony.
* * * LOW HITPOINT WARNING * * *
Unknown command.
You closely miss Grinder.
Grinder is severely wounded.
Grinder gestures at you. You resist with almost no effort.
Unknown command.
You barely miss Grinder.
Grinder is severely wounded.
Grinder hits you!
* * * LOW HITPOINT WARNING * * *
You writhe in agony.
You die...

##'#...#.#.....).#
#.#...#.#.....#.################
#.#...#.#.....#.................
##.####........#################.
..(# #...######.# #. ...#
#..........# #. ...##
#...######.# #. ....# #...# #5#
#. ....###...# #@# #. .....##...#
#.# #. ...#.##...# #.# #.
...#..#...# #.# #. ...##.#...#
#.# #. ...##..#+##### #.# #.
####.......... ..# #. #.#.#.####
### #. #.#...# #.


You could see Grinder.

Vanquished Creatures
  An orc wizard (D:3)
  A siren (Sewer)
  A merfolk avatar (Sewer)
  7 gnolls (D:2)
  6 adders
  A river rat (Sewer)
  3 dart slugs
  7 leopard geckos
  3 orcs (D:3)
  5 giant cockroaches
  9 goblins
  4 hobgoblins
  7 jackals (D:1)
  4 ball pythons (Sewer)
  6 bats
  13 frilled lizards
  5 kobolds
  31 rats
114 creatures vanquished.

Notes
Turn   | Place    | Note
-------+----------+-------------------------------------------
     0 | D:1      | Eucla the Human Berserker began the quest for the Orb.
     0 | D:1      | Reached XP level 1. HP: 18/18 MP: 1/1
   149 | D:1      | Reached XP level 2. HP: 21/24 MP: 2/2
   758 | D:1      | Reached skill level 4 in Axes
   758 | D:1      | Reached XP level 3. HP: 16/29 MP: 3/3
  1169 | D:2      | Reached ** piety under Trog
  1233 | D:2      | Reached XP level 4. HP: 17/35 MP: 4/4
  1254 | D:2      | Reached skill level 5 in Axes
  1470 | D:2      | Reached XP level 5. HP: 11/41 MP: 5/5
  2297 | D:3      | Found a glowing drain.
  2336 | Sewer    | Entered a sewer
  2452 | Sewer    | Reached skill level 6 in Axes
  2526 | Sewer    | Reached *** piety under Trog
  2538 | Sewer    | Reached XP level 6. HP: 47/47 MP: 6/6
  3257 | D:3      | Reached **** piety under Trog
  3366 | D:3      | Reached skill level 7 in Axes
  3532 | D:3      | Noticed Grinder
  3559 | D:3      | Slain by Grinder

Skill      XL: |  1  2  3  4  5  6 |
---------------+-------------------+-----
Axes           | 4 5 6 7 |  7.0
Fighting       | |  3.0
Armour         | |  2.0
Dodging        | |  2.0

Action                   |  1- 3 |  4- 6 || total
-------------------------+-------+-------++-------
Melee: Hand axe          |   112 |   295 ||   407
Invok: Berserk           |       |     4 ||     4
       Trog's Hand       |       |     2 ||     2
  Use: Scroll            |       |     6 ||     6
       Potion            |       |     2 ||     2
 Stab: Sleeping          |     2 |       ||     2
  Eat: Chunk             |     1 |     7 ||     8
       Fruit             |       |     3 ||     3
       Beef jerky        |       |     1 ||     1
Armor: Animal skin       |    14 |       ||    14
       Ring mail         |     7 |    85 ||    92
Dodge: Dodged            |    77 |   170 ||   247
